 Dungeon Crawl Stone Soup version 0.19-a0-1920-g83281cb (webtiles) character file.

47 kae the Shield-Bearer (level 3, -6/30 HPs)
             Began as a Formicid Fighter on Oct 23, 2016.
             Mangled by Crazy Yiuf
             ... wielding a +4 quarterstaff of chaos
              (16 damage)
             ... on level 2 of the Dungeon.
             The game lasted 00:00:44 (1560 turns).

kae the Shield-Bearer (Formicid Fighter)            Turns: 1560, Time: 00:00:45

Health: -6/30      AC:  6    Str: 21    XL:     3   Next: 97%
Magic:  1/3        EV:  8    Int:  7    God:
Gold:   84         SH:  9    Dex: 10    Spells: 0 memorised, 2 levels left

rFire  . . .     SeeInvis +     a - +0 long sword
rCold  . . .     Gourm    .     b - +0 scale mail
rNeg   . . .     Faith    .     c - +0 shield
rPois  .         Spirit   .     (helmet unavailable)
rElec  .         Reflect  .     (no cloak)
rCorr  .         Harm     .     (no gloves)
MR     .....                    (no boots)
Stlth  ..........               (no amulet)
                                (no ring)
                                (no ring)

@: no status effects
A: permanent stasis, dig shafts and tunnels, four strong arms, antennae 3
a: Dig, Shaft Self


You were on level 2 of the Dungeon.
You were not hungry.

You visited 1 branch of the dungeon, and saw 2 of its levels.

You collected 84 gold pieces.

Inventory:

Hand Weapons
 a - a +0 long sword (weapon)
Armour
 b - a +0 scale mail (worn)
 c - a +0 shield (worn)
Wands
 n - a wand of random effects (35/48)
Scrolls
 g - 2 scrolls of remove curse {unknown}
 h - a scroll of teleportation {unknown}
 k - a scroll of recharging {unknown}
 m - a scroll of identify {unknown}
Potions
 d - a potion of might
 e - a potion of resistance {unknown}
 i - a potion of cure mutation {unknown}
 j - 2 potions of cancellation {unknown}
 o - a potion of agility {unknown}
Comestibles
 f - 3 bread rations
 p - a beef jerky


   Skills:
 + Level 3.8 Fighting
 * Level 3.0 Long Blades
 - Level 3.2 Armour
 + Level 4.2 Shields


You had 2 spell levels left.
You didn't know any spells.

Dungeon Overview and Level Annotations

Branches:
Dungeon (2/15)

Altars:
Hepliaklqana

Annotations:
D:2 Crazy Yiuf


Innate Abilities, Weirdness & Mutations

You are under a permanent stasis effect.
You can dig through walls and to a lower floor.
Your four strong arms can wield two-handed weapons with a shield.
You have a pair of large antennae on your head. (SInv)


Message History

You hit Crazy Yiuf but do no damage. You block Crazy Yiuf's attack.
You hit Crazy Yiuf.
Crazy Yiuf is moderately wounded.
You block Crazy Yiuf's attack.
You barely miss Crazy Yiuf.
Crazy Yiuf is moderately wounded.
Crazy Yiuf whimpers, "Liver sanguine spinner!"
Crazy Yiuf hits you with a quarterstaff of chaos!
Ouch! That really hurt!
You are too injured to fight recklessly!
You are too injured to fight recklessly!
You hit Crazy Yiuf.
Crazy Yiuf is heavily wounded.
You block Crazy Yiuf's attack.
You hit Crazy Yiuf but do no damage.
Crazy Yiuf is heavily wounded.
Crazy Yiuf laughs, "Key!"
Crazy Yiuf hits you but does no damage.
You are electrocuted!
Ouch! That really hurt!
You die...

#...........# #....#
#.........#.####....#
###########...###...#
###........ #####
######...... #..)#
#...##...... #...#
#...##...... #.g.#
#...##...... #@#
#........... ##.#
#...####.... #.##
#...##...... ##.#
#...##...... #.##
#...##...... ##.##
######...... #...##
######<..... #...)#
#........... #....#
#.##########


You could see Crazy Yiuf.

Vanquished Creatures
  2 worms
  A dart slug (D:2)
  A leopard gecko (D:1)
  2 bats (D:2)
  2 giant cockroaches
  2 goblins (D:2)
  5 hobgoblins
  8 jackals (D:1)
  5 kobolds
  3 frilled lizards
  4 rats
35 creatures vanquished.

Notes
Turn   | Place    | Note
-------+----------+-------------------------------------------
     0 | D:1      | kae the Formicid Fighter began the quest for the Orb.
     0 | D:1      | Reached XP level 1. HP: 18/18 MP: 1/1
   257 | D:1      | Reached XP level 2. HP: 24/24 MP: 2/2
   319 | D:1      | Reached skill level 4 in Shields
   414 | D:1      | Reached XP level 3. HP: 29/29 MP: 3/3
  1144 | D:2      | Found a faded altar of an unknown god.
  1314 | D:2      | Found a hazy altar of Hepliaklqana.
  1438 | D:2      | Found a runed door.
  1553 | D:2      | Noticed Crazy Yiuf
  1560 | D:2      | Mangled by Crazy Yiuf

Vault maps used:
D:1:      dpeg_arrival_chambers_temple_mockup
D:2:      lemuel_coloured_pillars_altar, ecumenical_altar_1,
          serial_corexii_hall, corexii_hall_statues_x, corexii_hall_statues_s,
          first_bread, uniq_crazy_yiuf_cottage

Skill      XL: |  1  2  3 |
---------------+----------+-----
Shields        | 4 |  4.2
Long Blades    | 3 |  3.0
Fighting       | |  3.8
Armour         | |  3.2

Action                   || total
-------------------------++-------
Melee: Long sword        ||   125
  Eat: Royal jelly       ||     1
Armor: Scale mail        ||    52
Dodge: Dodged            ||    38
Block: Shield            ||    71
       Rpst.: Long sword ||    15
